 Seeded DCSS version 0.29-a0-340-g6efceafd81 (webtiles) character file.

Game seed: 13254252311307455508 (custom seed)

126 NateTC the Cudgeller (level 5, 32/32 HPs)
             Began as a Gargoyle Fighter on Apr 19, 2022.
             Was a Believer of Elyvilon.
             Quit the game on level 2 of the Dungeon.
             The game lasted 00:03:58 (2025 turns).

NateTC the Cudgeller (Gargoyle Fighter)             Turns: 2025, Time: 00:03:59

Health: 32/32      AC: 18    Str: 21    XL:     5   Next: 10%
Magic:  5/5        EV:  5    Int:  9    God:    Elyvilon [**....]
Gold:   84         SH:  6    Dex:  9    Spells: 4/4 levels left

rFire   . . .      SeeInvis .   a - +0 flail
rCold   . . .      Faith    .   n - +2 buckler
rNeg    + . .      Spirit   .   f - +2 plate armour
rPois   ∞          Reflect  .   (no helmet)
rElec   +          Harm     .   j - +0 cloak
rCorr   .          Rampage  .   (no gloves)
Will    .....                   (no boots)
Stlth   ..........              (no amulet)
HPRegen 0.10/turn               (no ring)
MPRegen 0.09/turn               (no ring)

@: no status effects
A: sickness immunity, AC +4, negative energy resistance 1, electricity
resistance, torment resistance 1, petrification resistance
a: Renounce Religion, Purification, Heal Other


You were on level 2 of the Dungeon.
You worshipped Elyvilon.
Elyvilon was pleased with you.
You visited 1 branch of the dungeon, and saw 2 of its levels.

You collected 84 gold pieces.

Inventory:

Hand Weapons
 a - a +0 flail (weapon)
Armour
 b - a +0 scale mail
 c - a +0 buckler
 f - a +2 plate armour (worn)
 j - a +0 cloak (worn)
 n - a +2 buckler (worn)
Jewellery
 m - a ring of ice
Scrolls
 g - a scroll of torment {unknown}
 i - a scroll of magic mapping
 k - a scroll of enchant armour
 l - a scroll of fog {unknown}
Potions
 d - a potion of might
 e - a potion of haste {unknown}
 h - a potion of heal wounds {unknown}
 o - a potion of curing {unknown}


   Skills:
 - Level 3.2 Fighting
 * Level 5.1 Maces & Flails
 - Level 3.2 Armour
 - Level 3.2 Shields


You had 4 spell levels left.
You didn't know any spells.
Your spell library was empty.

Dungeon Overview and Level Annotations

Branches:
Dungeon (2/15)

Altars:
Elyvilon


Innate Abilities, Weirdness & Mutations

You are immune to sickness and miasma.
Your stone body is resilient. (AC +4)
You are immune to poison.
You resist negative energy. (rN+)
You are resistant to electric shocks. (rElec)
You are resistant to unholy torment.
You are immune to petrification.


Message History

Robin hits you but does no damage.
You have reached level 5!
Robin barely misses you.
Items here: )))))))) †††††.
You sock Robin!
Robin is severely wounded.
You block Robin's attack.
You bludgeon Robin!!
You kill Robin!
You start resting.
You feel a little less mighty now.
You start resting.
HP restored.
Items here: ) [[ †.
Items here: ) [[ †.
Items here: )))))))) ÷÷ †††.
Things that are here:
a +0 club; a goblin corpse
Items here: )))))))) ÷÷ †††.
Items here: ) [[ †.
Found a stone staircase leading up.
There is a stone staircase leading up here.
Found a leather armour.
There is a stone staircase leading up here.
There is a stone staircase leading down here.
Things that are here:
a +0 dagger; 3 stones
Found 4 poisoned darts.
You see here 4 poisoned darts.
You now have 84 gold pieces (gained 5).
o - a puce potion Done exploring.
Done exploring.
Done exploring.
Done exploring.
Done exploring.
Done exploring.
Search for what [Enter for "armor", or ? for help]? armor Search for what [Enter for "armor", or ? for help]? weapon Are you sure you want to abandon this character and quit the game? (Confirm with "yes".)

.####..# .# ##..##
## #....##
#.##..####
###.###....# ##...#
####.## ##### ...###
#..# #...# .###
##.###>..# .#
#....@..#
.###########.......#
.........))..###...#
.############# #...#
## #...# #...# #####


There were no monsters in sight!

Vanquished Creatures
  Robin (D:2)
  6 gnolls
  An adder (D:2)
  3 endoplasms
  14 goblins
  7 hobgoblins
  2 quokkas
  4 ball pythons
  4 bats
  4 frilled lizards
  3 kobolds
  2 rats
51 creatures vanquished.

Notes
Turn   | Place    | Note
-------+----------+-------------------------------------------
     0 | D:1      | NateTC the Gargoyle Fighter began the quest for the Orb.
     0 | D:1      | Reached XP level 1. HP: 14/14 MP: 1/1
    29 | D:1      | Reached XP level 2. HP: 11/19 MP: 2/2
   195 | D:1      | Found a faded altar of an unknown god.
   200 | D:1      | Reached skill level 3 in Maces & Flails
   277 | D:1      | Prayed at the altar of an unknown god.
   277 | D:1      | Became a worshipper of Elyvilon the Healer
   277 | D:1      | Reached * piety under Elyvilon
   330 | D:1      | Reached XP level 3. HP: 14/23 MP: 3/3
  1052 | D:2      | Reached ** piety under Elyvilon
  1127 | D:2      | Reached skill level 4 in Maces & Flails
  1134 | D:2      | Reached XP level 4. HP: 12/28 MP: 4/4
  1600 | D:2      | Noticed Robin
  1643 | D:2      | Reached skill level 5 in Maces & Flails
  1645 | D:2      | Reached XP level 5. HP: 14/32 MP: 5/5
  1647 | D:2      | Killed Robin
  2025 | D:2      | Quit the game

Illustrated notes

Levels and vault maps discovered:
D:1:      ncdulo_lavacross, layout_rooms, hellmonk_ecumenical_altar_slurped_away
D:2:      layout_rooms, uniq_robin

Skill      XL: |  1  2  3  4 |
---------------+-------------+-----
Maces & Flails | 3 4 5 |  5.1
Fighting       | |  3.2
Armour         | |  3.2
Shields        | |  3.2

Action                   |  1- 3 |  4- 6 || total
-------------------------+-------+-------++-------
Melee: Flail             |    76 |    89 ||   165
  Use: Scroll            |     4 |       ||     4
       Potion            |       |     1 ||     1
Armor: Scale mail        |    10 |       ||    10
       Plate armour      |    54 |    72 ||   126
Dodge: Dodged            |    25 |    28 ||    53
Block: Buckler           |    21 |    32 ||    53

Table legend: (Time is in decaauts)
 A = Elapsed time spent in this place.
 B = Non-inter-level travel time spent in this place.
 C = Inter-level travel time spent in this place.
 D = Time resting spent in this place.
 E = Time spent auto-exploring this place.
 F = Levels seen in this place.
 G = Mean time per level.
                   A        B        C        D        E       F      G
               +--------+--------+--------+--------+--------+-----+--------+
         Total |   2064 |   1974 |     90 |    618 |    795 |   2 | 1032.0 |
       Dungeon |   2064 |   1974 |     90 |    618 |    795 |   2 | 1032.0 |
               +--------+--------+--------+--------+--------+-----+--------+

Top non-repeatable levels by time:
     D:2: 1041 daAuts
     D:1: 1023 daAuts
